 Dungeon Crawl Stone Soup version 0.28-a0-802-g09f76e8c00 (webtiles) character file.

Game seed: 2412825462141754366

130 Leeroy the Insei (level 5, -5/33 HPs)
             Began as an Octopode Transmuter on Nov 6, 2021.
             Slain by a phantom (7 damage)
             ... on level 4 of the Dungeon.
             The game lasted 00:03:45 (3545 turns).

Leeroy the Insei (Octopode Transmuter)              Turns: 3545, Time: 00:03:46

Health: -5/33      AC:  1    Str: 10    XL:     5   Next: 14%
Magic:  8/8        EV: 13    Int: 16    God:
Gold:   147        SH:  0    Dex: 12    Spells: 7/8 levels left

rFire   . . .      SeeInvis .     - Unarmed
rCold   . . .      Faith    .   (no shield)
rNeg    . . .      Spirit   .   (helmet restricted)
rPois   .          Reflect  .   (no amulet)
rElec   .          Harm     .   (no ring)
rCorr   .          Rampage  .   (no ring)
Will    .....                   (no ring)
Stlth   ++........              (no ring)
HPRegen 0.11/turn               (no ring)
MPRegen 0.11/turn               (no ring)
                                (no ring)
                                (no ring)

@: no status effects
A: almost no armour, amphibious, 8 rings, camouflage 1, gelatinous body 1,
(nimble swimmer 1), tentacles
a: no special abilities


You were on level 4 of the Dungeon.
You visited 1 branch of the dungeon, and saw 4 of its levels.

You collected 147 gold pieces.

Inventory:

Wands
 d - a wand of acid (8)
Scrolls
 e - a scroll of enchant armour {unknown}
 f - a scroll of fog {unknown}
 h - a scroll of teleportation {unknown}
Potions
 a - a potion of curing {unknown}
 c - a potion of lignification
 g - a potion of might {unknown}


   Skills:
 - Level 1.0 Fighting
 - Level 2.0 Dodging
 + Level 5.6 Unarmed Combat
 - Level 2.0 Spellcasting
 - Level 2.0 Transmutations


You had 7 spell levels left.
You knew the following spells:

 Your Spells              Type           Power      Damage    Failure   Level
a - Beastly Appendage     Tmut           16%        N/A       9%          1

Your spell library contained the following spells:

 Spells                   Type           Power      Damage    Failure   Level
 Wereblood                Tmut           8%         N/A       14%         2
 Spider Form              Tmut/Pois      4%         N/A       38%         3
 Ice Form                 Ice/Tmut       4%         N/A       80%         4
 Eringya's Noxious Bog    Tmut/Pois      2%         N/A       100%        6
 Necromutation            Tmut/Necr      2%         N/A       100%        8


Dungeon Overview and Level Annotations

Branches:
Dungeon (4/15)
 Temple: D:4-7

Altars:


Innate Abilities, Weirdness & Mutations

You cannot wear most types of armour.
You are amphibious.
You can wear up to eight rings at the same time.
Your skin changes colour to match your surroundings (Stealth+).
Your rubbery body absorbs attacks. (AC +1, EV +1)
((You are camouflaged near water. (Stealth+)))
You have tentacles for arms and can constrict up to eight enemies at once.


Message History

You are too injured to fight recklessly!
You barely miss the phantom.
The phantom is moderately damaged.
The phantom hits you!
* * * LOW HITPOINT WARNING * * *
The phantom blinks!
You blink.
You bludgeon the phantom!
The phantom is heavily damaged.
The dart slug launches a dart at you. The slug dart misses you.
The slug dart hits the phantom.
The endoplasm barely misses you.
Unknown command.
You tentacle-slap the endoplasm.
You kill the endoplasm!
The phantom barely misses you.
You tentacle-slap the giant cockroach but do no damage.
You grab the giant cockroach. You squeeze the giant cockroach.
The giant cockroach is severely wounded.
You constrict the giant cockroach.
You kill the giant cockroach!
The phantom hits you.
* * * LOW HITPOINT WARNING * * *
It was a potion of lignification.
You turn into a tree.
Your roots penetrate the ground.
The phantom hits you but does no damage.
The dart slug launches a dart at you.
The slug dart hits you but does no damage.
You barely miss the phantom.
The phantom is heavily damaged.
The phantom hits you but does no damage.
The dart slug launches a dart at you.
The slug dart hits you but does no damage.
It was a potion of cancellation.
Your magical effects are unravelling.
You feel magically purged.
You feel less wooden. The phantom closely misses you.
The dart slug closely misses you. The phantom hits you!
You die...

#.# ######.#
#......#
######+#####
#.######
#..........# #.#
#..........# #.#
#..........###.#
#..........'...#
#.......@..#####
+.....wW...#
#..........#
####...#####
#...!.......
#...........
#.....!.....
#####+######


You could see a phantom and a dart slug.

Vanquished Creatures
  Crazy Yiuf (D:3)
  4 adders
  2 worms
  2 dart slugs
  An orc (D:3)
  6 endoplasms
  6 giant cockroaches
  4 goblins
  9 hobgoblins
  2 quokkas
  4 ball pythons
  2 bats (D:2)
  3 frilled lizards
  4 kobolds
  6 rats
56 creatures vanquished.

Notes
Turn   | Place    | Note
-------+----------+-------------------------------------------
     0 | D:1      | Leeroy the Octopode Transmuter began the quest for the Orb.
     0 | D:1      | Reached XP level 1. HP: 13/13 MP: 3/3
     2 | D:1      | Got Buekk's Catalogue of Mutagenic Venom
   247 | D:1      | Reached XP level 2. HP: 16/18 MP: 5/5
   720 | D:1      | Reached skill level 4 in Unarmed Combat
   979 | D:2      | Reached XP level 3. HP: 19/23 MP: 6/6
  1288 | D:2      | Found a faded altar of an unknown god.
  1968 | D:2      | Reached XP level 4. HP: 28/28 MP: 7/7
  2261 | D:3      | Reached skill level 5 in Unarmed Combat
  2733 | D:3      | Found a runed translucent door.
  2734 | D:3      | Noticed Crazy Yiuf
  3323 | D:3      | Killed Crazy Yiuf
  3324 | D:3      | Reached XP level 5. HP: 19/33 MP: 8/8
  3528 | D:4      | Noticed a phantom
  3537 | D:4      | HP: 1/33 [phantom (6)]
  3545 | D:4      | Slain by a phantom

Illustrated notes

Levels and vault maps discovered:
D:1:      dpeg_arrival_rhombus, layout_basic
D:2:      layout_basic, shapermc_ecumenical_altar_mp_highgroup,
          dk_noncrumbling_2
D:3:      corexii_shack_village, layout_basic, uniq_crazy_yiuf_cottage
D:4:      layout_basic, minmay_temple_entry_proselytizer, gammafunk_ghost_arena,
          uniq_robin, uniq_eustachio

Skill      XL: |  1  2  3  4 |
---------------+-------------+-----
Unarmed Combat | 4 5 |  5.6
Fighting       | |  1.0
Dodging        | |  2.0
Spellcasting   | |  2.0
Transmutations | |  2.0

Action                   |  1- 3 |  4- 6 || total
-------------------------+-------+-------++-------
Melee: Unarmed           |    73 |    59 ||   132
       Constrict         |    18 |    13 ||    31
       Tentacles         |     9 |    10 ||    19
       Punch             |     1 |     2 ||     3
  Use: Potion            |       |     2 ||     2
 Stab: Sleeping          |     7 |     4 ||    11
Armor: Skin              |     5 |     6 ||    11
Dodge: Dodged            |    32 |    39 ||    71

Table legend: (Time is in decaauts)
 A = Elapsed time spent in this place.
 B = Non-inter-level travel time spent in this place.
 C = Inter-level travel time spent in this place.
 D = Time resting spent in this place.
 E = Time spent auto-exploring this place.
 F = Levels seen in this place.
 G = Mean time per level.
                   A        B        C        D        E       F      G
               +--------+--------+--------+--------+--------+-----+--------+
         Total |   3533 |   3415 |    118 |      0 |   3028 |   4 |  883.2 |
       Dungeon |   3533 |   3415 |    118 |      0 |   3028 |   4 |  883.2 |
               +--------+--------+--------+--------+--------+-----+--------+

Top non-repeatable levels by time:
     D:3: 1361 daAuts
     D:2: 1258 daAuts
     D:1: 868 daAuts
     D:4: 44 daAuts
